 Dungeon Crawl Stone Soup version 0.29.1-15-g9cfb28693d (webtiles) character file.

Game seed: 15408455278417157806

1754 javelincjr the Caller (level 9, -2/65 HPs)
             Began as a Gnoll Summoner on Apr 10, 2023.
             Was a Priest of Kikubaaqudgha.
             Slain by an ice beast (12 damage)
             ... on level 6 of the Dungeon.
             The game lasted 00:27:47 (6171 turns).

javelincjr the Caller (Gnoll Summoner)              Turns: 6171, Time: 00:27:48

Health: -2/65      AC:  4    Str: 15    XL:     9   Next: 6%
Magic:  10/18      EV: 13    Int: 16    God:    Kikubaaqudgha [***...]
Gold:   246        SH:  0    Dex: 12    Spells: 15/21 levels left

rFire   . . .      SeeInvis +   n - +2 whip "Fuguisme" {freeze, rPois Str+4}
rCold   . . .      Faith    .   (no shield)
rNeg    + . .      Spirit   .   g - +0 leather armour {rN+}
rPois   +          Reflect  .   u - +0 helmet
rElec   .          Harm     .   (no cloak)
rCorr   .          Rampage  .   (no gloves)
Will    .....                   (no boots)
Stlth   +++.......              (no amulet)
HPRegen 0.20/turn               r - ring of see invisible
MPRegen 0.16/turn               (no ring)

@: no status effects
A: fangs 1, strong nose, distributed training
a: Renounce Religion, Unearth Wretches


You were on level 6 of the Dungeon.
You worshipped Kikubaaqudgha.
Kikubaaqudgha was most pleased with you.
You visited 1 branch of the dungeon, and saw 6 of its levels.

You collected 286 gold pieces.
You spent 40 gold pieces at shops.

Inventory:

Hand Weapons
 d - a +1 dagger of protection
 h - a +0 dagger
 n - the +2 whip "Fuguisme" (weapon) {freeze, rPois Str+4}
   (You found it on level 2 of the Dungeon)

   It freezes those it strikes, dealing additional cold damage.
   It can also slow down cold-blooded creatures.
   Str:       It affects your strength (+4).
   rPois:     It protects you from poison.
 y - a +3 vampiric trident
Armour
 a - a +0 robe
 g - a +0 leather armour of positive energy (worn)
 u - a +0 helmet (worn)
Magical Staves
 B - a staff of air
Jewellery
 r - a ring of see invisible (left hand)
Scrolls
 c - 4 scrolls of immolation {unknown}
 e - 5 scrolls of identify {unknown}
 i - 4 scrolls of teleportation {unknown}
 k - a scroll of enchant armour {unknown}
 l - a scroll of fear {unknown}
 p - a scroll of brand weapon {unknown}
 q - a scroll of magic mapping {unknown}
 s - a scroll of vulnerability {unknown}
 v - a scroll of enchant weapon {unknown}
 w - a scroll of noise {unknown}
Potions
 b - a potion of magic
 f - 4 potions of heal wounds
 j - 3 potions of mutation {unknown}
 m - 3 potions of brilliance {unknown}
 o - a potion of attraction {unknown}
 t - 2 potions of curing
 x - a potion of degeneration
 z - a potion of might {unknown}
 A - a potion of lignification {unknown}


   Skills:
 + Level 4.0 Fighting
 + Level 4.0 Short Blades
 + Level 4.0 Long Blades
 + Level 4.0 Axes
 + Level 4.0 Maces & Flails
 + Level 4.0 Polearms
 + Level 4.0 Staves
 + Level 4.0 Ranged Weapons
 + Level 4.0 Throwing
 + Level 4.0 Armour
 + Level 6.1 Dodging
 + Level 5.8 Stealth
 + Level 4.0 Shields
 + Level 4.0 Unarmed Combat
 + Level 6.5 Spellcasting
 + Level 3.3 Conjurations
 + Level 3.3 Hexes
 + Level 7.9 Summonings
 + Level 3.3 Necromancy
 + Level 3.3 Translocations
 + Level 3.3 Transmutations
 + Level 3.3 Fire Magic
 + Level 3.3 Ice Magic
 + Level 3.3 Air Magic
 + Level 3.3 Earth Magic
 + Level 3.3 Poison Magic
 + Level 4.4 Invocations
 + Level 4.0 Evocations


You had 15 spell levels left.
You knew the following spells:

 Your Spells              Type           Power      Damage    Failure   Level
a - Summon Small Mammal   Summ           100%       N/A       1%          1
b - Call Imp              Summ           30%        N/A       1%          2
c - Call Canine Familiar  Summ           30%        N/A       1%          3

Your spell library contained the following spells:

 Spells                   Type           Power      Damage    Failure   Level
 Apportation              Tloc           30%        N/A       4%          1
 Magic Dart               Conj           60%        1d6       4%          1
 Necrotise                Necr           60%        1d7       4%          1
 Summon Guardian Golem    Hex/Summ       23%        N/A       4%          3
 Scorch                   Fire           30%        2d7       6%          2
 Searing Ray              Conj           30%        2d5       6%          2
 Sublimation of Blood     Necr           15%        N/A       6%          2
 Summon Lightning Spire   Summ/Air       23%        N/A       16%         4
 Anguish                  Hex/Necr       7%         N/A       38%         4
 Animate Dead             Necr           15%        N/A       38%         4
 Corpse Rot               Necr/Pois/Air  15%        N/A       38%         4
 Flame Wave               Conj/Fire      15%        2d7       38%         4
 Fulminant Prism          Conj/Hex       7%         3d7       38%         4
 Summon Cactus Giant      Summ           15%        N/A       67%         6
 Agony                    Necr           15%        N/A       75%         5
 Borgnjor's Vile Clutch   Necr/Erth      7%         N/A       75%         5
 Death Channel            Necr           7%         N/A       99%         6
 Simulacrum               Ice/Necr       7%         N/A       99%         6


Dungeon Overview and Level Annotations

Branches:
Dungeon (6/15)
 Temple: D:4-7

Altars:
Kikubaaqudgha

Shops:
D:2 !   D:5 :!


Innate Abilities, Weirdness & Mutations

You have very sharp teeth.
Your uncanny sense of smell can sniff out nearby items.
Your experience applies equally to all skills.


Message History

Your quokka barely misses the ice beast.
Your hound barely misses the ice beast.
Your life force feels restored.
Your Fighting skill increases to level 4!
Your Short Blades skill increases to level 4!
Your Long Blades skill increases to level 4!
Your Axes skill increases to level 4!
Your Maces & Flails skill increases to level 4!
Your Polearms skill increases to level 4!
Your Staves skill increases to level 4!
Your Ranged Weapons skill increases to level 4!
Your Throwing skill increases to level 4!
Your Armour skill increases to level 4!
Your Shields skill increases to level 4!
Your Unarmed Combat skill increases to level 4!
Your Evocations skill increases to level 4!
Your hound completely misses the ice beast.
Your quokka misses the ice beast. The ice beast hits your quokka.
The ice beast freezes your quokka!
Your quokka dies!
Your quokka's corpse disappears in a puff of smoke!
Your white imp closely misses the ice beast.
Your hound completely misses the ice beast.
The shadow imp hits your white imp.
Your white imp closely misses the ice beast.
Your hound barely misses the ice beast.
Your hound bites the ice beast but does no damage.
The shadow imp barely misses your white imp.
Casting: Summon Small Mammal (safe; 1% risk of failure)
Confirm with . or Enter, or press ? or * to list all spells.
Your hound closely misses the ice beast.
Your quokka barely misses the ice beast.
You hit the ice beast.
The ice beast is lightly wounded.
Your quokka closely misses the ice beast.
Your hound barely misses the ice beast.
The ice beast hits you.
* * * LOW HITPOINT WARNING * * *
The ice beast freezes you!
You die...
Kikubaaqudgha rasps: "You have failed me!
Welcome... death!"

#....^.#
##... #.....#
.....
#..##..#
....# ##.##
##... #...
#>.# ..#
#..######.##
.# #.....#†.#
#
##.r.h5<).##
#..@Y5.....#
#....r.###..#
#....###
....# #....##
..#.. #...##
####.. ##..
.. ###


You could see an ice beast (ally target), a shadow imp, a friendly hound
(summoned), a friendly white imp (summoned), a friendly quokka (summoned) and a
friendly rat (summoned).

Vanquished Creatures
  A black bear (D:5)
  A bullfrog (D:6)
  2 howler monkeys
  A centaur zombie (D:5)
  An iguana (D:5)
  3 orc wizards (D:4)
  4 adders
  2 orcs
  A ball python (D:4)
  5 endoplasms
  3 hobgoblins
  A jackal (D:2)
  2 kobolds
  2 quokkas
  A bat (D:3)
  A rat (D:3)
  A spectral kobold (D:1)
32 creatures vanquished.

Vanquished Creatures (collateral kills)
  A hornet zombie (D:5)
  A black bear (D:5)
  2 ogres
  A centaur (D:6)
  Blork the orc (D:5)
  2 necrophages
  A wyvern skeleton (D:5)
  A water moccasin skeleton (D:5)
  A howler monkey (D:5)
  2 bullfrog zombies (D:5)
  A gnoll bouda (D:4)
  6 hounds
  A jelly (D:5)
  4 iguanas
  An orc wizard (D:4)
  2 howler monkey zombies (D:5)
  4 gnolls (D:4)
  2 adders (D:3)
  An ufetubus (D:4)
  A worm (D:2)
  An orc (D:5)
  2 bats (D:2)
  5 endoplasms
  3 giant cockroaches
  3 goblins
  5 hobgoblins
  A jackal (D:2)
  3 quokkas
  2 ball pythons
  4 frilled lizards
  8 kobolds
  3 rats
76 creatures vanquished.

Vanquished Creatures (others)
  An orc wizard (D:4)
  48 plants (D:2)
49 creatures vanquished.

Grand Total: 157 creatures vanquished

Notes
Turn   | Place    | Note
-------+----------+-------------------------------------------
     0 | D:1      | javelincjr the Gnoll Summoner began the quest for the Orb.
     0 | D:1      | Reached XP level 1. HP: 13/13 MP: 6/6
   336 | D:1      | Reached XP level 2. HP: 12/19 MP: 2/7
   751 | D:1      | Found a faded altar of an unknown god.
   767 | D:1      | Prayed at the altar of an unknown god.
   767 | D:1      | Became a worshipper of Kikubaaqudgha
   767 | D:1      | Reached * piety under Kikubaaqudgha
   767 | D:1      | Received a gift from Kikubaaqudgha
   771 | D:1      | Learned a level 2 spell: Call Imp
  1065 | D:2      | Reached skill level 5 in Spellcasting
  1065 | D:2      | Reached XP level 3. HP: 18/25 MP: 4/9
  1108 | D:2      | Reached skill level 1 in Invocations
  1419 | D:2      | Identified the +2 whip "Fuguisme" {freeze, rPois Str+4}
  1456 | D:2      | Found Kac Xuig's Distillery.
  1588 | D:2      | Noticed an ogre
  1606 | D:2      | Reached skill level 1 in Fighting
  1606 | D:2      | Reached skill level 1 in Short Blades
  1606 | D:2      | Reached skill level 1 in Long Blades
  1606 | D:2      | Reached skill level 1 in Axes
  1606 | D:2      | Reached skill level 1 in Maces & Flails
  1606 | D:2      | Reached skill level 1 in Polearms
  1606 | D:2      | Reached skill level 1 in Staves
  1606 | D:2      | Reached skill level 1 in Ranged Weapons
  1606 | D:2      | Reached skill level 1 in Throwing
  1606 | D:2      | Reached skill level 1 in Armour
  1606 | D:2      | Reached skill level 1 in Shields
  1606 | D:2      | Reached skill level 1 in Unarmed Combat
  1606 | D:2      | Reached skill level 1 in Evocations
  1608 | D:2      | Killed an ogre
  1609 | D:2      | Reached skill level 1 in Conjurations
  1609 | D:2      | Reached skill level 1 in Hexes
  1609 | D:2      | Reached skill level 1 in Necromancy
  1609 | D:2      | Reached skill level 1 in Translocations
  1609 | D:2      | Reached skill level 1 in Transmutations
  1609 | D:2      | Reached skill level 1 in Fire Magic
  1609 | D:2      | Reached skill level 1 in Ice Magic
  1609 | D:2      | Reached skill level 1 in Air Magic
  1609 | D:2      | Reached skill level 1 in Earth Magic
  1609 | D:2      | Reached skill level 1 in Poison Magic
  1609 | D:2      | Reached XP level 4. HP: 31/32 MP: 1/11
  1609 | D:2      | Reached XP level 5. HP: 36/37 MP: 1/12
  1683 | D:2      | Learned a level 3 spell: Call Canine Familiar
  2184 | D:3      | Reached ** piety under Kikubaaqudgha
  3504 | D:4      | Reached skill level 5 in Dodging
  3504 | D:4      | Reached XP level 6. HP: 42/44 MP: 14/14
  3660 | D:4      | Reached XP level 7. HP: 22/50 MP: 3/15
  3989 | D:5      | Entered Level 5 of the Dungeon
  3989 | D:5      | Found Kafi Dej's Distillery.
  4021 | D:5      | Bought a potion of curing for 30 gold pieces
  4021 | D:5      | Bought a potion of degeneration for 10 gold pieces
  4131 | D:5      | Reached skill level 5 in Stealth
  4176 | D:5      | Noticed Blork the orc
  4190 | D:5      | Killed Blork the orc
  4372 | D:5      | Reached XP level 8. HP: 25/58 MP: 8/16
  5504 | D:5      | Reached *** piety under Kikubaaqudgha
  5504 | D:5      | Received a gift from Kikubaaqudgha
  5623 | D:5      | Found Ceozxinid's Book Boutique.
  5905 | D:6      | Reached XP level 9. HP: 16/65 MP: 7/18
  6171 | D:6      | Slain by an ice beast

Illustrated notes

Levels and vault maps discovered:
D:1:      lemuel_arrival_hallway, layout_basic,
          dreamdust_ecumenical_altar_drowned_temple, minmay_indecisive_spiral
D:2:      layout_rooms, serial_shops, nicolae_shop_stone, kennysheep_boxes
D:3:      kb_forest_paths, layout_basic
D:4:      layout_basic, minmay_a_box_with_orc_wizards_in_it
D:5:      layout_basic, serial_shops, nicolae_shop_stone, kennysheep_mini_moat,
          serial_undead, serial_undead_d, serial_undead_c, serial_undead_f,
          serial_undead_a, roderic_filled_cross, kennysheep_generic_room_4,
          uniq_blork_the_orc
D:6:      layout_layer_cave, kennysheep_mini, minmay_diced_spiral

Skill      XL: |  1  2  3  4  5  6  7  8  9 |
---------------+----------------------------+-----
Spellcasting   | 5 6 |  6.5
Invocations    | 1 2 3 4 |  4.4
Fighting       | 1 2 3 4 |  4.0
Short Blades   | 1 2 3 4 |  4.0
Long Blades    | 1 2 3 4 |  4.0
Axes           | 1 2 3 4 |  4.0
Maces & Flails | 1 2 3 4 |  4.0
Polearms       | 1 2 3 4 |  4.0
Staves         | 1 2 3 4 |  4.0
Ranged Weapons | 1 2 3 4 |  4.0
Throwing       | 1 2 3 4 |  4.0
Armour         | 1 2 3 4 |  4.0
Shields        | 1 2 3 4 |  4.0
Unarmed Combat | 1 2 3 4 |  4.0
Evocations     | 1 2 3 4 |  4.0
Conjurations   | 1 2 3 |  3.3
Hexes          | 1 2 3 |  3.3
Necromancy     | 1 2 3 |  3.3
Translocations | 1 2 3 |  3.3
Transmutations | 1 2 3 |  3.3
Fire Magic     | 1 2 3 |  3.3
Ice Magic      | 1 2 3 |  3.3
Air Magic      | 1 2 3 |  3.3
Earth Magic    | 1 2 3 |  3.3
Poison Magic   | 1 2 3 |  3.3
Dodging        | 5 6 |  6.1
Stealth        | 5 |  5.8
Summonings     | |  7.9

Action                   |  1- 3 |  4- 6 |  7- 9 || total
-------------------------+-------+-------+-------++-------
Melee: Unarmed           |     7 |       |       ||     7
       Bite              |     4 |     6 |     8 ||    18
       Dagger            |    41 |       |       ||    41
       Whip              |     3 |    58 |    87 ||   148
       Punch             |       |       |     2 ||     2
 Cast: Summon Small Mamm |    40 |    24 |    37 ||   101
       Call Imp          |     8 |     8 |    14 ||    30
       Call Canine Famil |       |    14 |    21 ||    35
  Use: Potion            |       |     2 |       ||     2
 Stab: Distracted        |     4 |     2 |     3 ||     9
       Sleeping          |       |     3 |     2 ||     5
Armor: Leather armour    |    12 |    15 |    14 ||    41
Dodge: Dodged            |    40 |    43 |    61 ||   144
